 Dungeon Crawl Stone Soup version 0.31.0-11-ge490571c62 (webtiles) character file.

Game seed: 9698749298479492124

411 Skitler the Cudgeller (level 6, -1/39 HPs)
             Began as a Gargoyle Fighter on Jan 28, 2024.
             Was an Initiate of Trog.
             Slain by a hound (2 damage)
             ... on level 4 of the Dungeon.
             The game lasted 00:09:08 (2952 turns).

Skitler the Cudgeller (Gargoyle Fighter)            Turns: 2952, Time: 00:09:08

Health: -1/39      AC: 17    Str: 28    XL:     6   Next: 90%
Magic:  6/6        EV:  9    Int:  8    God:    Trog [......]
Gold:   130        SH:  4    Dex:  9    Spells: 5/5 levels left

rFire   + . .        a - +0 flail
rCold   . . .        c - +0 buckler
rNeg    + . .        r - +0 chain mail
rPois   ∞            (no helmet)
rElec   +            (no cloak)
rCorr   .            o - +0 pair of gloves
SInv    .            i - +2 pair of boots
Will    .....        (no amulet) Stlth
                     j - ring of protection from fire
HPRegen 0.26/turn    m - +6 ring of strength
MPRegen 0.10/turn

%: no passive effects
@: brilliant
A: sickness immunity, AC +4, negative energy resistance 1, electricity
resistance, torment resistance 1, petrification resistance
a: Renounce Religion


You were on level 4 of the Dungeon.
You worshipped Trog.
Trog was noncommittal.
You visited 2 branches of the dungeon, and saw 5 of its levels.

You collected 130 gold pieces.

Inventory:

Hand Weapons
 a - a +0 flail (weapon)
Armour
 b - a +0 scale mail
 c - a +0 buckler (worn)
 i - a +2 pair of boots (worn)
 o - a +0 pair of gloves (worn)
 q - an orb of guile
 r - a +0 chain mail (worn)
Jewellery
 d - a ring of protection from fire
 j - a ring of protection from fire (left hand)
 l - a ring of resist corrosion
 m - a +6 ring of strength (right hand)
Scrolls
 f - a scroll of poison {unknown}
 g - a scroll of noise {unknown}
 h - 2 scrolls of identify {unknown}
 k - 4 scrolls of teleportation {unknown}
 n - a scroll of fear {unknown}
 p - a scroll of fog {unknown}
 t - a scroll of amnesia {unknown}
Potions
 e - a potion of brilliance
 s - a potion of mutation {unknown}


   Skills:
 * Level 4.3 Fighting
 + Level 5.4 Maces & Flails
 - Level 3.2 Armour
 + Level 1.1 Dodging
 - Level 0.2 Stealth
 * Level 4.8 Shields


You had 5 spell levels left.
You didn't know any spells.
Your spell library contained the following spells:

 Spells                   Type           Power      Damage    Failure   Level
 Summon Forest            Summ/Tloc      0%         N/A       100%        5
 Summon Mana Viper        Hex/Summ       0%         N/A       100%        5
 Summon Cactus Giant      Summ           0%         N/A       100%        6


Dungeon Overview and Level Annotations

Branches:
Dungeon (4/15)             Temple (1/1) D:4

Altars:
Dithmenos
Elyvilon
Fedhas
Makhleb
Okawaru
Qazlal
Ru
Sif Muna
Trog
Vehumet
Wu Jian
Yredelemnul
Zin


Innate Abilities, Weirdness & Mutations

You are immune to sickness and miasma.
Your stone body is resilient. (AC +4)
You are immune to poison.
You resist negative energy. (rN+)
You are resistant to electric shocks. (rElec)
You are resistant to unholy torment.
You are immune to petrification.


Message History

You miss the hound.
The hound is moderately wounded.
The hound closely misses you.
The hound stops to sniff the ground.
The hound bites you but does no damage.
You closely miss the hound.
The hound is moderately wounded.
The hound completely misses you.
The ogre hits you with a +0 giant spiked club!!
Ouch! That really hurt!
You are too injured to fight recklessly!
You are too injured to fight recklessly!
You are too injured to fight recklessly!
You are too injured to fight recklessly!
You are too injured to fight recklessly!
You are too injured to fight recklessly!
You are too injured to fight recklessly!
You are too injured to fight recklessly!
You are too injured to fight recklessly!
You are too injured to fight recklessly!
You are too injured to fight recklessly!
You are too injured to fight recklessly!
You are too injured to fight recklessly!
You are too injured to fight recklessly!
You are too injured to fight recklessly!
You are too injured to fight recklessly!
You are too injured to fight recklessly!
You are too injured to fight recklessly!
There are monsters nearby!
You block the hound's attack.
The ogre hits you with a +0 giant spiked club!
* * * LOW HITPOINT WARNING * * *
The hound attacks as it pursues you! The hound barely misses you.
Okay, then.
Okay, then.
It was a potion of brilliance.
You feel clever all of a sudden. The hound barely misses you.
The hound bites you but does no damage. The hound attacks as it pursues you!
The hound bites you.
You die...

##....... #.. ### #........
#... #.. #........ #....#..
#........ #....#.. #........
#....... ##### +........
#....... ###...######.O......
###+#... #.'...'.....h#######
#... #.#...######@# #...
#.#...# #.# #... #.#...## #.#
#... #.#....# #.# #.#...
#.#....# #.# #.#...
#.#....#####.# ######.##..
#)#..........# #..........
#.#..........######......####
#.#..........†....'......+


You could see an ogre and a hound.

Vanquished Creatures
  A black bear (Temple)
  A scorpion (D:3)
  A jelly (D:4)
  A hound (D:3)
  An orc priest (D:4)
  Natasha (thrice) (D:2)
  2 adders
  5 ribbon worms
  5 orcs (D:3)
  5 ball pythons
  9 endoplasms
  2 giant cockroaches (D:3)
  6 hobgoblins
  6 jackals
  5 kobolds
  4 quokkas
  2 bats
  2 frilled lizards
  3 goblins
  3 rats
67 creatures vanquished.

Notes
Turn   | Place    | Note
-------+----------+-------------------------------------------
     0 | D:1      | Skitler the Gargoyle Fighter began the quest for the Orb.
     0 | D:1      | Reached XP level 1. HP: 14/14 MP: 1/1
   213 | D:1      | Reached XP level 2. HP: 14/19 MP: 2/2
   358 | D:1      | Found a faded altar of an unknown god.
   983 | D:2      | Reached XP level 3. HP: 23/23 MP: 3/3
  1116 | D:2      | Noticed Natasha
  1124 | D:2      | Killed Natasha
  1125 | D:2      | Reached skill level 3 in Maces & Flails
  1171 | D:2      | Noticed Natasha
  1178 | D:2      | Killed Natasha
  1179 | D:2      | Reached XP level 4. HP: 24/28 MP: 4/4
  1255 | D:2      | Noticed Natasha
  1262 | D:2      | Killed Natasha
  1299 | D:2      | Found a stormy altar of Qazlal.
  1373 | D:2      | Reached XP level 5. HP: 2/33 MP: 5/5
  1374 | D:2      | Reached skill level 4 in Maces & Flails
  2492 | D:4      | Found a staircase to the Ecumenical Temple.
  2493 | D:4      | Noticed a black bear
  2501 | Temple   | Entered the Ecumenical Temple
  2508 | Temple   | Killed a black bear
  2509 | Temple   | Reached skill level 5 in Maces & Flails
  2509 | Temple   | Reached XP level 6. HP: 27/38 MP: 6/6
  2567 | Temple   | Became a worshipper of Trog the Wrathful
  2620 | D:4      | Reached skill level 1 in Dodging
  2949 | D:4      | HP: 1/39 [ogre/+0 giant spiked club (13)]
  2952 | D:4      | Slain by a hound

Illustrated notes

Levels and vault maps discovered:
D:1:      dpeg_arrival_houses_and_road, layout_basic,
          chequers_ecumenical_altar_simple
D:2:      layout_loops_ring, basic_altar, uniq_natasha
D:3:      layout_loops_ring
D:4:      layout_basic, minmay_temple_entry_statues_pillars
Temple:   hc_temple_tempest_star

Skill      XL: |  1  2  3  4  5  6 |
---------------+-------------------+-----
Shields        | 4 |  4.8
Maces & Flails | 3 5 |  5.4
Fighting       | 4 |  4.3
Dodging        | 1 |  1.1
Armour         | |  3.2
Stealth        | |  0.2

Action                     |  1- 3 |  4- 6 || total
---------------------------+-------+-------++-------
  Melee: Flail             |    89 |   160 ||   249
    Use: Potion            |       |     2 ||     2
 Armour: Scale mail        |    62 |    62 ||   124
         Chain mail        |       |    69 ||    69
  Dodge: Dodged            |    44 |    76 ||   120
  Block: Buckler           |    16 |    31 ||    47
